 Dungeon Crawl Stone Soup version 0.26.1-11-gd32895ea62 (webtiles) character file.

Game seed: 12864392686003955761

43541 murcat the Eclecticist (level 13, -4/58 (63) HPs)
             Began as a Deep Elf Air Elementalist on July 23, 2021.
             Was an Elder of Vehumet.
             Slain by an orc warlord
             ... wielding a +0 broad axe
              (24 damage)
             ... on level 1 of the Orcish Mines.
             The game lasted 02:10:52 (28814 turns).

murcat the Eclecticist (Deep Elf Air Elementalist) Turns: 28814, Time: 02:10:53

HP:   -4/58 (63)    AC: 13    Str:  5    XL:     13   Next: 91%
MP:   29/47         EV: 13    Int: 26    God:    Vehumet [****..]
Gold: 1195          SH:  0    Dex: 15    Spells: 16/51 levels left

rFire    + + .     SeeInvis +   O - staff of fire
rCold    + . .     Faith    .   (no shield)
rNeg     . . .     Spirit   .   J - +2 robe {rC+ rF+}
rPois    .         Reflect  .   W - +0 helmet {SInv}
rElec    .         Harm     .   B - +2 cloak
rCorr    .         Rampage  .   K - +1 pair of gloves
Will     +....                  r - +2 pair of boots
Stlth    ++........             G - amulet of magic regeneration
HPRegen  0.19/turn              w - ring of magical power
MPRegen  0.55/turn              U - ring of wizardry

@: swift (expiring), drained, very quick
A: no striking features
a: Renounce Religion


You were on level 1 of the Orcish Mines.
You worshipped Vehumet.
Vehumet was greatly pleased with you.
You visited 3 branches of the dungeon, and saw 19 of its levels.
You also visited: Ice Cave.

You collected 1351 gold pieces.
You spent 156 gold pieces at shops.

Inventory:

Hand Weapons
 H - a +2 dagger of protection
Armour
 r - a +2 pair of boots (worn)
 B - a +2 cloak (worn)
 J - a +2 robe of resistance (worn)
 K - a +1 pair of gloves (worn)
 M - the +5 robe of Misfortune {*Contam Harm *Corrode *Drain *Slow EV+5}
   (You found it in an ice cave)

   It affects your evasion (+5).
   It causes magical contamination when unequipped.
   It may corrode you when you take damage.
   It causes draining when unequipped.
   It may slow you when you take damage.
   It increases damage dealt and taken.
 W - a +0 helmet of see invisible (worn)
 Z - a scarf of harm
Magical Staves
 I - an uncursed staff of earth
 N - an uncursed staff of cold
 O - an uncursed staff of fire (weapon)
Jewellery
 g - an uncursed ring of see invisible
 v - a +6 ring of dexterity
 w - a ring of magical power (left hand)
 y - an uncursed ring of magical power
 G - an amulet of magic regeneration (around neck)
 U - a ring of wizardry (right hand)
Wands
 e - a wand of disintegration (20)
 t - a wand of digging (8)
 C - a wand of iceblast (28)
 P - a wand of flame (11)
 V - a wand of paralysis (8)
 X - a wand of enslavement (7)
Scrolls
 a - a scroll of holy word {unknown}
 c - 6 scrolls of fear
 d - 17 scrolls of remove curse
 h - 5 scrolls of amnesia
 i - 11 scrolls of teleportation
 l - a scroll of acquirement {unknown}
 m - 2 scrolls of noise {unknown}
 o - 5 scrolls of magic mapping
 q - 3 scrolls of fog
 x - a scroll of brand weapon {unknown}
 L - 2 scrolls of enchant armour
 Q - a scroll of blinking {unknown}
 T - a scroll of identify
 Y - 2 scrolls of immolation {unknown}
Potions
 b - 3 potions of haste {unknown}
 f - 3 potions of lignification
 j - 3 potions of heal wounds
 k - a potion of resistance {unknown}
 n - a potion of invisibility {unknown}
 p - 3 potions of flight
 s - 3 potions of might {unknown}
 u - 2 potions of mutation {unknown}
 z - a potion of cancellation {unknown}
 A - 7 potions of curing
 E - a potion of ambrosia {unknown}
 F - a potion of attraction {unknown}
 R - 2 potions of magic {unknown}
Miscellaneous
 S - a lightning rod (4/4)


   Skills:
 + Level 0.1 Fighting
 + Level 2.8 Dodging
 - Level 2.4 Stealth
 * Level 19.6 Spellcasting
 * Level 10.1 Conjurations
 * Level 0.5 Fire Magic
 * Level 15.2 Air Magic
 + Level 0.6 Poison Magic


You had 16 spell levels left.
You knew the following spells:

 Your Spells              Type           Power        Failure   Level
a - Shock                 Conj/Air       100%         0%          1
b - Static Discharge      Conj/Air       75%          1%          3
c - Airstrike             Air            40%          1%          4
d - Lightning Bolt        Conj/Air       37%          1%          5
e - Swiftness             Air            81%          0%          2
f - Mephitic Cloud        Conj/Pois/Air  63%          1%          3
g - Dazzling Flash        Conj/Hex       100%         1%          3
h - Fulminant Prism       Conj/Hex       25%          1%          4
i - Starburst             Conj/Fire      34%          3%          6
j - Sticky Flame          Conj/Fire      68%          1%          4

Your spell library contained the following spells:

 Spells                   Type           Power        Failure   Level
 Animate Skeleton         Necr           50%          1%          1
 Apportation              Tloc           50%          1%          1
 Beastly Appendage        Tmut           50%          1%          1
 Corona                   Hex            27%          1%          1
 Foxfire                  Conj/Fire      100%         1%          1
 Pain                     Necr           100%         1%          1
 Sandblast                Erth           50%          1%          1
 Ensorcelled Hibernation  Hex/Ice        50%          1%          2
 Passwall                 Tmut/Erth      20%          1%          2
 Wereblood                Tmut           25%          1%          2
 Conjure Flame            Conj/Fire      68%          1%          3
 Inner Flame              Hex/Fire       40%          1%          3
 Spider Form              Tmut/Pois      13%          1%          3
 Fireball                 Conj/Fire      34%          1%          5
 Confusing Touch          Hex            25%          2%          3
 Gell's Gravitas          Tloc           12%          2%          3
 Tukima's Dance           Hex            25%          2%          3
 Vampiric Draining        Necr           12%          2%          3
 Animate Dead             Necr           12%          7%          4
 Ice Form                 Ice/Tmut       25%          7%          4
 Agony                    Necr           25%          19%         5
 Blade Hands              Tmut           12%          19%         5
 Summon Forest            Summ/Tloc      12%          19%         5
 Dispersal                Tloc           12%          69%         6


Dungeon Overview and Level Annotations

Branches:
Dungeon (12/15)            Temple (0/1) D:7            Lair (5/6) D:10
  Swamp (0/4) Lair:3        Snake (0/4) Lair:3        Slime (0/5) Lair:5
    Orc (2/2) D:9           IceCv (visited)
    Elf: Orc:2

Altars:
Ashenzari
Dithmenos
Fedhas
Gozag
Kikubaaqudgha
Ru
Trog
Vehumet
Wu Jian
Xom
Zin

Shops:
D:8 }   D:9 *   D:11 *   D:12 }}   Orc:2 }

Annotations:
D:3 1 runed translucent door, Us3rname's ghost, weakling HOBe


Message History

Confirm with . or Enter, or press ? or * to list all spells.
Aiming: Airstrike (safe; 1% risk of failure)
Press: ? - help, Dir - move target, f - orc warlord
Aim: an orc warlord, wielding a +0 broad axe, wearing a +2 plate armour of fire resistance and wearing a +0 tower shield (noxious fumes, moderately wounded, confused)
The air twists around and strikes the orc warlord.
The orc warlord is moderately wounded.
The orc warlord is engulfed in noxious fumes.
Casting: Airstrike (safe; 1% risk of failure)
Confirm with . or Enter, or press ? or * to list all spells.
Aiming: Mephitic Cloud (safe; 1% risk of failure)
Press: ? - help, Shift-Dir - straight line, f/p - orc warlord
Aim: an orc warlord, wielding a +0 broad axe, wearing a +2 plate armour of fire resistance and wearing a +0 tower shield (moderately wounded)
The ball explodes into a vile cloud!
The stinking cloud engulfs the orc warlord but does no damage.
The orc warlord is moderately wounded.
The orc warlord is engulfed in noxious fumes.
You start to feel a little slower.
The orc warlord is engulfed in noxious fumes.
The orc warlord hits you with a +0 broad axe!!
You die...

##.#........................
###............#.#..>[.....
##......#.......[).......
#........°......[....... ###
##......................
##.#######......<>)......[...#...
#......#.........................
##...........#○.................#
###........°○#.@...............#
##...........☼○o..#............##
#....#.###..............#.....#.#
....######...................#...
#..###.##........##.#...........#
...##...#...#.....#######.#....##
#.##.#.#....##.#.## ##.##.###
##.........####### #...###
#........### ##.##


You could see an orc warlord.

Vanquished Creatures
  A reaper (IceCv)
  Harold (D:11)
  5 hydras
  5 two-headed ogres
  A tengu warrior (D:12)
  Urug (Lair:3)
  2 ugly things
  A moth of wrath (D:6)
  4 elephants
  8 black mambas
  Psyche (D:8)
  7 cane toads
  2 gargoyles
  Maggie (D:9)
  2 ice statues (IceCv)
  A kobold demonologist (D:12)
  5 komodo dragons
  A tengu conjurer (D:12)
  9 ice devils (IceCv)
  A tyrant leech (Lair:3)
  A hornet (D:8)
  3 blink frogs (Lair:3)
  5 dream sheep (Lair:4)
  A shadow (D:11)
  31 yaks
  3 wyverns
  5 basilisks
  2 vampire mosquitoes (D:12)
  10 two-headed ogre zombies (D:10)
  2 swamp worms (Lair:3)
  A warg (D:9)
  2 acid dragons (D:12)
  16 water moccasins
  A soldier ant (D:11)
  13 orc warriors
  2 eyes of draining
  3 phantoms
  3 black bears
  14 ice beasts
  3 sky beasts
  4 ogres
  9 centaurs
  4 big kobolds
  16 bullfrogs
  A wyvern zombie (D:12)
  A gnoll sergeant (D:11)
  7 scorpions
  A water moccasin skeleton (D:7)
  9 wights
  10 killer bees
  2 howler monkeys
  An electric eel (D:10)
  4 crimson imps (D:3)
  A quasit (D:8)
  2 bullfrog zombies
  4 jellies
  4 hounds
  5 centaur skeletons
  2 gnoll shamans
  15 orc priests
  Crazy Yiuf (D:5)
  21 orc wizards
  5 iguanas
  12 worker ants
  A killer bee zombie (D:10)
  A hound skeleton (D:6)
  A howler monkey zombie (D:7)
  A worker ant zombie (D:9)
  A howler monkey skeleton (D:5)
  19 gnolls
  17 adders
  A shadow imp (D:10)
  10 white imps
  9 oozes
  9 ufetubi
  An adder zombie (D:6)
  2 adder skeletons
  6 worms
  A dart slug (D:3)
  6 leopard geckos
  61 orcs
  7 giant cockroaches
  6 goblins
  7 hobgoblins
  15 jackals
  13 kobolds
  2 quokkas
  5 bats
  6 frilled lizards
  2 jackal zombies (D:5)
  A leopard gecko skeleton (D:5)
  2 quokka skeletons
  7 rats
  A fulminant prism (D:12)
542 creatures vanquished.

Vanquished Creatures (others)
  A centaur (Orc:2)
  5 white imps (IceCv)
  2 ufetubi (IceCv)
  3 fulminant prisms
  15 fungi
  26 plants
52 creatures vanquished.

Grand Total: 594 creatures vanquished

Notes
Turn   | Place    | Note
-------+----------+-------------------------------------------
     0 | D:1      | murcat the Deep Elf Air Elementalist began the quest for
                  | the Orb.
     0 | D:1      | Reached XP level 1. HP: 10/10 MP: 6/6
   346 | D:1      | Reached XP level 2. HP: 15/15 MP: 0/8
  1558 | D:2      | Reached XP level 3. HP: 19/19 MP: 7/10
  1562 | D:2      | Learned a level 3 spell: Static Discharge
  2915 | D:3      | Reached XP level 4. HP: 24/24 MP: 4/11
  2937 | D:3      | Noticed an ice beast
  2951 | D:3      | Killed an ice beast
  2952 | D:3      | Reached skill level 4 in Spellcasting
  2952 | D:3      | Reached XP level 5. HP: 21/28 MP: 1/14
  3318 | D:3      | Learned a level 4 spell: Airstrike
  3319 | D:3      | Reached skill level 5 in Spellcasting
  3525 | D:3      | Learned a level 5 spell: Lightning Bolt
  3526 | D:3      | Reached XP level 6. HP: 32/32 MP: 11/16
  3987 | D:3      | Found a shimmering altar of Xom.
  4031 | D:3      | Found a runed translucent door.
  4031 | D:3      | Noticed Us3rname's ghost (weakling HOBe)
  4090 | D:4      | Found an opulent altar of Gozag.
  4163 | D:4      | Reached skill level 6 in Spellcasting
  4163 | D:4      | Reached skill level 5 in Air Magic
  4284 | D:4      | Reached XP level 7. HP: 23/36 MP: 7/18
  4518 | D:4      | Found a broken altar of Ashenzari.
  4533 | D:4      | Found a radiant altar of Vehumet.
  4604 | D:4      | Became a worshipper of Vehumet
  5299 | D:4      | You fall into a shaft and drop 1 floor!
  5299 | D:5      | Entered Level 5 of the Dungeon
  5524 | D:5      | Reached * piety under Vehumet
  5524 | D:5      | Offered knowledge of Foxfire by Vehumet.
  5575 | D:5      | Reached skill level 7 in Spellcasting
  5920 | D:5      | Found a runed translucent door.
  5921 | D:5      | Noticed Crazy Yiuf
  5998 | D:5      | Reached skill level 5 in Conjurations
  6805 | D:5      | Found a shadowy altar of Dithmenos.
  6906 | D:5      | Reached skill level 8 in Spellcasting
  6906 | D:5      | Reached XP level 8. HP: 22/41 MP: 8/22
  7221 | D:5      | Killed Crazy Yiuf
  7561 | D:6      | Reached ** piety under Vehumet
  7561 | D:6      | Offered knowledge of Sandblast by Vehumet.
  7754 | D:6      | Found an ornate altar of the Wu Jian Council.
  7755 | D:6      | Found an ancient bone altar of Kikubaaqudgha.
  7755 | D:6      | Found a blossoming altar of Fedhas.
  8059 | D:6      | Noticed a moth of wrath
  8063 | D:6      | Found a bloodstained altar of Trog.
  8080 | D:6      | Reached skill level 9 in Spellcasting
  8333 | D:6      | Found a sacrificial altar of Ru.
  8512 | D:6      | Killed a moth of wrath
  8513 | D:6      | Reached skill level 10 in Spellcasting
  8585 | D:6      | Got a glimmering hand axe
  8652 | D:7      | Reached XP level 9. HP: 40/45 MP: 25/25
  8775 | D:7      | Learned a level 2 spell: Swiftness
  8927 | D:7      | Offered knowledge of Mephitic Cloud by Vehumet.
  9441 | D:7      | Found a staircase to the Ecumenical Temple.
  9860 | D:7      | Reached skill level 11 in Spellcasting
 10345 | D:8      | Reached *** piety under Vehumet
 10379 | D:8      | Learned a level 3 spell: Mephitic Cloud
 10383 | D:8      | Learned a level 3 spell: Dazzling Flash
 10427 | D:8      | Found Emilaada's Gadget Boutique.
 10428 | D:8      | Noticed Psyche
 10436 | D:8      | Killed Psyche
 10439 | D:8      | Reached skill level 12 in Spellcasting
 10627 | D:8      | Noticed a two-headed ogre
 10631 | D:8      | Killed a two-headed ogre
 10632 | D:8      | Reached XP level 10. HP: 50/50 MP: 28/28
 10829 | D:8      | Offered knowledge of Ignite Poison by Vehumet.
 10987 | D:8      | Reached skill level 13 in Spellcasting
 11163 | D:8      | Found a glowing silver altar of Zin.
 11230 | D:8      | Noticed a two-headed ogre
 11261 | D:8      | Killed a two-headed ogre
 11262 | D:8      | Reached skill level 10 in Air Magic
 11593 | D:9      | Found a staircase to the Orcish Mines.
 11819 | D:9      | Noticed a two-headed ogre
 11826 | D:9      | Killed a two-headed ogre
 12049 | D:9      | Reached skill level 14 in Spellcasting
 12113 | D:9      | Found Limorphell's Assorted Antiques.
 12446 | D:9      | Reached **** piety under Vehumet
 12515 | D:9      | Noticed a two-headed ogre
 12533 | D:9      | Offered knowledge of Inner Flame by Vehumet.
 12539 | D:9      | Killed a two-headed ogre
 12539 | D:9      | Noticed Maggie
 12540 | D:9      | Reached XP level 11. HP: 54/54 MP: 28/31
 12552 | D:9      | Killed Maggie
 12866 | D:10     | Entered Level 10 of the Dungeon
 13252 | D:10     | Reached skill level 15 in Spellcasting
 13458 | D:10     | Found a staircase to the Lair.
 13463 | D:10     | Reached ***** piety under Vehumet
 13508 | D:10     | Offered knowledge of Yara's Violent Unravelling by Vehumet.
 14329 | D:10     | Noticed a two-headed ogre
 14334 | D:10     | Killed a two-headed ogre
 14634 | D:11     | Found Isoixyrch's Assorted Antiques.
 14668 | D:11     | Reached skill level 16 in Spellcasting
 14746 | D:11     | Found a frozen archway.
 14755 | IceCv    | Entered an ice cave
 16071 | IceCv    | Reached XP level 12. HP: 51/59 MP: 12/34
 16907 | IceCv    | Noticed a reaper
 16917 | IceCv    | Killed a reaper
 17288 | IceCv    | Found the +5 robe of Misfortune {*Contam Harm *Corrode
                  | *Drain *Slow EV+5}
 17912 | D:11     | Offered knowledge of Fulminant Prism by Vehumet.
 17918 | D:11     | Learned a level 4 spell: Fulminant Prism
 17962 | D:11     | Noticed Harold
 17969 | D:11     | Killed Harold
 18461 | D:12     | Reached skill level 17 in Spellcasting
 18687 | D:12     | Noticed a tengu warrior
 18701 | D:12     | Killed a tengu warrior
 19414 | D:12     | Found Nevvaol's Gadget Shop.
 19419 | D:12     | Bought a wand of iceblast (9) for 156 gold pieces
 20260 | D:12     | Found Noimiuf's Gadget Shoppe.
 20426 | Orc:1    | Entered Level 1 of the Orcish Mines
 20660 | Orc:2    | Entered Level 2 of the Orcish Mines
 20660 | Orc:2    | Found Xoynan's Gadget Boutique.
 20673 | Orc:2    | Noticed an orc warlord
 20948 | Orc:2    | Offered knowledge of Starburst by Vehumet.
 21500 | D:10     | Reached skill level 18 in Spellcasting
 21534 | Lair:1   | Entered Level 1 of the Lair of Beasts
 22041 | Lair:1   | Reached XP level 13. HP: 63/63 MP: 37/37
 22678 | Lair:2   | Learned a level 6 spell: Starburst
 23505 | Lair:2   | Identified Susishior's Volume of Quantum Clay
 24397 | Lair:3   | Found a staircase to the Snake Pit.
 24440 | Lair:3   | Noticed Urug
 24451 | Lair:3   | Killed Urug
 24562 | Lair:3   | Reached skill level 19 in Spellcasting
 25332 | Lair:3   | Found a staircase to the Swamp.
 25548 | Lair:3   | Learned a level 4 spell: Sticky Flame
 25851 | Lair:4   | Reached skill level 15 in Air Magic
 26405 | Lair:4   | Reached skill level 10 in Conjurations
 27133 | Lair:5   | Found a staircase to the Slime Pits.
 27190 | Lair:5   | Identified the +11 hand axe "Hyurod" {freeze, +Inv rElec
                  | rC- Str-4} (You found it on level 6 of the Dungeon)
 28814 | Orc:1    | Slain by an orc warlord

Illustrated notes

Levels and vault maps discovered:
D:1:      nzn_arrival_settlement, layout_loops_corners, eino_curves_04,
          minmay_ruptured
D:2:      layout_basic
D:3:      layout_loops_ring, gammafunk_ghost_grave, gup_sewer_entry_spiral,
          led_xom_imps
D:4:      layout_gridville, grunt_gozag_statues, nicolae_overflow_crystal_walls,
          amcnicky_altar_gilded
D:5:      layout_loops_cross, kennysheep_mini, uniq_crazy_yiuf_cottage
D:6:      layout_cave_pools, tgw_trog,
          chequers_temple_overflow_statue_of_worship, nicolae_ru_awakened_eye,
          minmay_fractal_squares_gapless_5
D:7:      layout_cave_pods, minmay_temple_entry_enclosed_plants
D:8:      layout_loops_ring, general_overflow_altar, serial_shops, shop,
          uniq_psyche
D:9:      layout_stronghold, david_orc_1_choice, serial_shops, shop, uniq_maggie
D:10:     lemuel_ogre_cave, layout_irregular_city, dpeg_oklobed_lair,
          serial_bayou_crossing
D:11:     layout_basic, serial_shops, shop, serial_glass, glass_columns_a,
          glass_columns_a, glass_columns_c, glass_columns_c, glass_columns_a,
          item_on_display_a, feat_on_display, item_on_display_a,
          unseen_surprise_small, portal_ice_cave_entry_ice_beasts,
          hex_intersection, uniq_harold
D:12:     layout_rooms, serial_shops, nicolae_shop_window_shopping, shop,
          serial_aquarium, aquarium_bridge_square [aquarium_subvault_bridge,
          aquarium_subvault_bridge, aquarium_subvault_window,
          aquarium_subvault_balcony], aquarium_window_fake, aquarium_window_1,
          aquarium_view_2c, aquarium_view_2f
Lair:1:   layout_small_grid, lemuel_fruit_fields, lemuel_fruit_tree
Lair:2:   layout_regular_city
Lair:3:   layout_gridlike, palyth_hydra_swamp_entry,
          minmay_snake_entry_six_corridors, minivault_25,
          cheibrodos_lair_reptile_den, grunt_megastairs_2, serial_bayou_shore_b,
          uniq_urug
Lair:4:   layout_cave_pods
Lair:5:   layout_cellular_growth, nicolae_slime_entry_slimehenge,
          small_statue_intersection
Orc:1:    layout_caves, uniq_maurice, uniq_fannar
Orc:2:    st_orc_rangers, layout_caves, serial_shops, nicolae_shop_crystal,
          uniq_erolcha, uniq_snorg

Skill      XL: |  1  2  3  4  5  6  7  8  9 10 11 12 13 |
---------------+----------------------------------------+-----
Conjurations   | 2 3 4 5 6 7 8 9 10 | 10.1
Spellcasting   | 4 5 6 8 10 12 14 16 18 19 | 19.6
Air Magic      | 4 5 6 7 9 11 12 13 15 | 15.2
Fighting       | |  0.1
Dodging        | |  2.8
Stealth        | |  2.4
Fire Magic     | |  0.5
Poison Magic   | |  0.6

Action                   |  1- 3 |  4- 6 |  7- 9 | 10-12 | 13-15 || total
-------------------------+-------+-------+-------+-------+-------++-------
Melee: Staff             |       |       |       |     1 |       ||     1
 Cast: Shock             |    99 |    57 |   137 |   193 |    41 ||   527
       Static Discharge  |     1 |     6 |    15 |    46 |    20 ||    88
       Airstrike         |       |     6 |    95 |   408 |   192 ||   701
       Lightning Bolt    |       |       |     6 |    16 |       ||    22
       Mephitic Cloud    |       |       |       |    50 |    18 ||    68
       Dazzling Flash    |       |       |       |     8 |     5 ||    13
       Swiftness         |       |       |       |     2 |     5 ||     7
       Fulminant Prism   |       |       |       |     2 |     2 ||     4
       Sticky Flame      |       |       |       |       |     4 ||     4
       Starburst         |       |       |       |       |     3 ||     3
  Use: Scroll            |       |       |     8 |     8 |     5 ||    21
Armor: Robe              |     7 |     4 |     3 |    42 |    19 ||    75
Dodge: Dodged            |    18 |     9 |     7 |    70 |    39 ||   143
